 Dungeon Crawl Stone Soup version 0.19-a0-1013-g40768a3 (webtiles) character file.

686 Leszczynek the Basher (level 7, 0/70 HPs)
             Began as an Ogre Abyssal Knight on July 24, 2016.
             Was a Believer of Lugonu.
             Slain by a giant newt (2 damage)
             ... on level 5 of the Dungeon.
             The game lasted 00:17:18 (2478 turns).

Leszczynek the Basher (Ogre Abyssal Knight)         Turns: 2478, Time: 00:17:19

Health: 0/70       AC:  3    Str: 18    XL:     7   Next: 62%
Magic:  8/8        EV: 10    Int: 11    God:    Lugonu [**....]
Gold:   171        SH:  0    Dex: 11    Spells: 0 memorised, 6 levels left

rFire  . . .     SeeInvis .     a - +1 mace
rCold  . . .     Gourm    .     b - +0 robe
rNeg   . . .     Faith    .     (no shield)
rPois  +         Spirit   .     (helmet restricted)
rElec  .         Dismiss  .     (no cloak)
rCorr  .         Reflect  .     (gloves unavailable)
SustAt .         Harm     .     (boots unavailable)
MR     .....                    (no amulet)
Stlth  ++........               (no ring)
                                f - ring of poison resistance

@: not resistant to hostile enchantments, unstealthy
A: unfitting armour, tough skin 1
a: Depart the Abyss, Bend Space, Renounce Religion


You were on level 5 of the Dungeon.
You worshipped Lugonu.
Lugonu was pleased with you.
You were not hungry.

You visited 1 branch of the dungeon, and saw 5 of its levels.
You visited the Abyss 1 time.

You collected 171 gold pieces.

Inventory:

Hand Weapons
 a - a +1 mace (weapon)
Armour
 b - a +0 robe (worn)
Jewellery
 f - a ring of poison resistance (left hand)
Wands
 q - a wand of random effects (3/48)
 v - a wand of digging (12/24)
Scrolls
 g - 2 scrolls of amnesia {unknown}
 h - 3 scrolls of recharging {unknown}
 i - 2 scrolls of noise {unknown}
 j - a scroll of blinking {unknown}
 k - 2 scrolls of enchant armour {unknown}
 l - a scroll of identify {unknown}
 m - a scroll of random uselessness {unknown}
 n - 2 scrolls of remove curse {unknown}
 u - 2 scrolls of magic mapping {unknown}
 x - a scroll of immolation {unknown}
Potions
 d - a potion of cancellation
 e - a potion of flight {unknown}
 r - a potion of haste
 s - a potion of magic {unknown}
 w - a potion of degeneration {unknown}
Comestibles
 c - 5 bread rations
 o - 2 meat rations
 t - 2 chunks of flesh


   Skills:
 - Level 4.0 Fighting
 + Level 10.0 Maces & Flails
 - Level 2.1 Dodging
 - Level 2.1 Stealth
 * Level 2.6 Invocations


You had 6 spell levels left.
You didn't know any spells.

Dungeon Overview and Level Annotations

Branches:
Dungeon (5/15)
 Temple: D:4-7

Altars:


Innate Abilities, Weirdness & Mutations

You are too large for most types of armour.
You have tough skin. (AC +1)


Message History

Evoke which item? (* to show all) (? for menu, Esc to quit)
Zapping:
q - a wand of random effects {zapped: 7} (will waste charges)
Press: ? - help, Shift-Dir - straight line, f/p - sky beast
Aim: a sky beast (heavily wounded)
The puff of flame hits the sky beast.
The sky beast is severely wounded.
Evoking this partially-identified wand wasted a few charges.
The sky beast closely misses you. The giant newt completely misses you.
Evoke which item? (* to show all) (? for menu, Esc to quit)
Zapping:
q - a wand of random effects {zapped: 10} (will waste charges)
Press: ? - help, Shift-Dir - straight line, f/p - sky beast
Aim: a sky beast (severely wounded)
The sky beast seems to speed up.
Evoking this partially-identified wand wasted a few charges.
The sky beast hits you.
* * * LOW HITPOINT WARNING * * *
The sky beast shocks you.
* * * LOW HITPOINT WARNING * * *
The giant newt bites you.
You die...

############
#######..........#
....#............#
.................#
.................#
..........@......#
..........Yl.....#
.......<.........#
.................#
...........≈.....#
...%.............#
........≈.#.######
..?.......#.#
........#...#


You could see a sky beast and a giant newt.

Vanquished Creatures
  Duvessa (D:4)
  A phantom (D:4)
  A centaur (D:3)
  Dowan (D:4)
  A howler monkey (D:4)
  2 orc priests (D:3)
  2 orc wizards (D:3)
  Natasha (thrice) (D:2)
  A worker ant (D:4)
  4 adders
  2 oozes (D:1)
  A dart slug (D:1)
  2 giant geckos
  7 orcs
  A ball python (D:1)
  8 bats
  3 giant cockroaches
  7 goblins
  2 hobgoblins
  2 jackals (D:4)
  6 kobolds
  2 quokkas (D:2)
  7 giant newts
  9 rats
76 creatures vanquished.

Notes
Turn   | Place    | Note
-------+----------+-------------------------------------------
     0 | Abyss:1  | Leszczynek the Ogre Abyssal Knight began the quest for the Orb.
     0 | Abyss:1  | Reached XP level 1. HP: 24/24 MP: 2/2
    31 | Abyss:1  | Noticed a small abomination
    43 | Abyss:1  | Noticed a rust devil
    44 | D:1      | Escaped the Abyss
    99 | D:1      | Reached skill level 1 in Stealth
    99 | D:1      | Reached XP level 2. HP: 32/32 MP: 3/3
   166 | D:1      | Reached * piety under Lugonu
   216 | D:1      | Reached skill level 2 in Stealth
   293 | D:1      | Reached skill level 3 in Maces & Flails
   293 | D:1      | Reached XP level 3. HP: 37/39 MP: 4/4
   388 | D:2      | Noticed Natasha
   397 | D:2      | Killed Natasha
   397 | D:2      | Reached skill level 4 in Maces & Flails
   421 | D:2      | Noticed Natasha
   508 | D:2      | Reached XP level 4. HP: 37/48 MP: 5/5
   653 | D:2      | Killed Natasha
   735 | D:2      | Reached skill level 5 in Maces & Flails
   738 | D:2      | Reached ** piety under Lugonu
   774 | D:2      | Noticed Natasha
  1112 | D:3      | Reached XP level 5. HP: 26/54 MP: 6/6
  1179 | D:3      | Reached skill level 6 in Maces & Flails
  1210 | D:3      | Noticed a centaur
  1294 | D:2      | Killed Natasha
  1434 | D:3      | Reached skill level 7 in Maces & Flails
  1477 | D:3      | Reached XP level 6. HP: 23/62 MP: 7/7
  1670 | D:3      | Noticed a sky beast
  1685 | D:4      | Noticed a phantom
  1718 | D:4      | Killed a phantom
  1718 | D:4      | Reached skill level 8 in Maces & Flails
  1882 | D:4      | Noticed Duvessa
  1882 | D:4      | Noticed Dowan
  1883 | D:4      | rip
  1893 | D:4      | Killed Duvessa
  1893 | D:4      | Reached skill level 9 in Maces & Flails
  1893 | D:4      | Reached XP level 7. HP: 54/70 MP: 8/8
  1899 | D:4      | Killed Dowan
  2099 | D:4      | Reached *** piety under Lugonu
  2217 | D:4      | Reached skill level 10 in Maces & Flails
  2438 | D:5      | Entered Level 5 of the Dungeon
  2478 | D:5      | HP: 7/70 [sky beast (2)]
  2478 | D:5      | HP: 2/70 [sky beast (5)]
  2478 | D:5      | Slain by a giant newt

Vault maps used:
D:1:      scummos_arrival_simple_fountains
D:2:      minmay_newt_pond, uniq_natasha
D:4:      first_bread, uniq_duvessa
D:5:      uniq_grinder

Skill      XL: |  1  2  3  4  5  6  7 |
---------------+----------------------+-----
Stealth        | 1 2 |  2.1
Maces & Flails | 3 4 5 7 9 10 | 10.0
Fighting       | |  4.0
Dodging        | |  2.1
Invocations    | |  2.6

Action                   |  1- 3 |  4- 6 |  7- 9 || total
-------------------------+-------+-------+-------++-------
Melee: Mace              |    63 |   147 |    58 ||   268
Invok: Depart the Abyss  |     1 |       |       ||     1
Evoke: Wand              |       |     2 |     3 ||     5
  Use: Potion            |     2 |     8 |     1 ||    11
  Eat: Chunk             |       |     4 |     2 ||     6
       Pizza             |       |     1 |       ||     1
Armor: Robe              |     7 |    32 |    26 ||    65
Dodge: Dodged            |    39 |    80 |    38 ||   157
